Map: 캑터스 밸리 - 래더 (공허)

Players

Patience - Winner!

  • Race: Protoss Protoss
  • Spawn Location: 5:00

ArT

  • Race: Protoss Protoss
  • Spawn Location: 11:00

Event: IEM XI Katowice - World Championship 2017

VOD

Have the link to the VOD?

Description

Time

  • Played on: Feb. 28, 2017, 9:16 a.m.
  • Length: 14:24

All games in this series

Show
View Real Time Build Order
Export as new Build Order

Patience Protoss - Winner!

Build Orders:  

Get SALT Encoding   

  12  0:01  Probe (Chrono Boost)  
  13  0:11  Probe (Chrono Boost)  
  14  0:17  Pylon  
  14  0:22  Probe (Chrono Boost)  
  16  0:35  Probe (Chrono Boost)  
  16  0:37  Gateway  
  16  0:42  Assimilator  
  16  0:46  Probe (Chrono Boost)  
  17  0:51  Assimilator  
  17  0:56  Probe (Chrono Boost)  
  18  1:07  Probe (Chrono Boost)  
  18  1:09  Gateway  
  19  1:17  Probe (Chrono Boost)  
  20  1:24  Cybernetics Core  
  20  1:28  Probe (Chrono Boost)  
  21  1:36  Pylon  
  21  1:39  Probe (Chrono Boost)  
  22  1:49  Probe (Chrono Boost)  
  23  1:57  Warp Gate  
  25  2:01  Mothership Core (Chrono Boost)  
  25  2:02  Adept  
  25  2:04  Adept  
  29  2:17  Pylon  
  29  2:19  Probe (Chrono Boost)  
  31  2:30  Probe (Chrono Boost)  
  31  2:35  Stalker  
  33  2:37  Stalker  
  35  3:05  Nexus  
  35  3:12  Sentry x2  
  39  3:20  Pylon  
  39  3:22  Probe (Chrono Boost)  
  39  3:34  Probe (Chrono Boost)  
  39  3:38  Robotics Facility  
  39  3:46  Probe (Chrono Boost)  
  40  3:48  Gateway  
  40  3:58  Twilight Council  
  40  4:00  Probe (Chrono Boost)  
  41  4:11  Probe (Chrono Boost)  
  43  4:17  Probe (Chrono Boost)  
  43  4:20  Adept x2  
  43  4:22  Probe (Chrono Boost)  
  48  4:27  Observer, Probe (Chrono Boost)  
  50  4:32  Blink  
  50  4:33  Probe (Chrono Boost)  
  50  4:38  Probe (Chrono Boost)  
  52  4:44  Pylon, Probe (Chrono Boost)  
  53  4:50  Observer, Forge  
  53  4:51  Probe (Chrono Boost)  
  55  4:54  Probe (Chrono Boost)  
  56  5:01  Probe (Chrono Boost)  
  56  5:05  Probe (Chrono Boost)  
  54  5:10  Stalker x2  
  54  5:12  Probe (Chrono Boost)  
  56  5:16  Immortal  
  56  5:18  Probe (Chrono Boost)  
  56  5:20  Protoss Ground Weapons Level 1  
  61  5:24  Probe (Chrono Boost)  
  61  5:25  Assimilator  
  61  5:27  Assimilator  
  62  5:33  Probe (Chrono Boost)  
  62  5:35  Phoenix  
  64  5:36  Probe (Chrono Boost)  
  64  5:39  Pylon  
  64  5:51  Gateway  
  64  5:53  Gateway  
  64  5:56  Gateway  
  64  5:57  Pylon  
  64  5:58  Immortal  
  68  6:08  Probe (Chrono Boost)  
  68  6:09  Probe (Chrono Boost)  
  68  6:10  Sentry  
  72  6:23  Nexus  
  72  6:28  Pylon  
  72  6:37  Stalker x2  
  74  6:43  Stalker  
  74  6:45  Warp Prism  
  77  6:47  Probe x2 (Chrono Boost)  
  79  7:00  Sentry x3  
  85  7:05  Pylon  
  85  7:06  Pylon  
  85  7:07  Adept  
  87  7:09  Sentry x2  
  87  7:14  Pylon  
  91  7:24  Protoss Ground Weapons Level 2  
  91  7:30  Stalker x3  
  91  7:36  Pylon, Probe (Chrono Boost)  
  100  7:37  Probe x2 (Chrono Boost)  
  100  7:56  Stalker  
  100  7:57  Stalker x4  
  110  8:02  Stalker  
  106  8:15  Probe (Chrono Boost)  
  106  8:17  Probe x2 (Chrono Boost)  
  109  8:21  Stalker x3  
  109  8:22  Stalker  
  117  8:39  Assimilator  
  117  8:40  Robotics Bay  
  117  8:42  Assimilator  
  117  8:51  Stalker x3  
  123  8:55  Adept, Probe (Chrono Boost)  
  123  8:56  Adept, Probe (Chrono Boost)  
  123  8:57  Adept  
  122  9:11  Resonating Glaives  
  122  9:15  Probe (Chrono Boost)  
  122  9:16  Probe x2 (Chrono Boost)  
  122  9:18  Robotics Facility  
  120  9:26  Pylon, Protoss Ground Weapons Level 3  
  120  9:27  Pylon  
  120  9:28  Probe (Chrono Boost)  
  123  9:32  Probe x2 (Chrono Boost)  
  123  9:38  Photon Cannon  
  123  9:47  Disruptor  
  126  9:59  Probe x3 (Chrono Boost)  
  129  10:08  Disruptor  
  132  10:14  Extended Thermal Lance  
  132  10:18  Disruptor  
  132  10:24  Photon Cannon  
  132  10:25  Stalker x2  
  135  10:40  Probe x2 (Chrono Boost)  
  135  10:41  Probe (Chrono Boost)  
  138  10:48  Colossus x2  
  138  10:52  Photon Cannon  
  150  11:09  Nexus  
  150  11:19  Templar Archives  
  150  11:29  Pylon, Gateway x2  
  150  11:32  Pylon  
  150  11:41  Stalker x3  
  150  11:46  Colossus  
  162  12:03  Photon Cannon  
  162  12:05  Assimilator  
  162  12:06  Protoss Ground Armor Level 1, Disruptor  
  162  12:10  Assimilator  
  165  12:17  Stargate  
  165  12:25  Probe (Chrono Boost)  
  165  12:26  Probe x3 (Chrono Boost)  
  169  12:32  High Templar x2  
  169  12:33  High Templar x2  
  169  12:34  Adept x2  
  169  12:35  Adept x2  
  169  12:36  Archon  
  169  12:37  Archon  
  185  12:42  Probe x2 (Chrono Boost)  
  185  12:43  Probe (Chrono Boost)  
  188  12:44  Pylon  
  188  12:54  Probe (Chrono Boost)  
  170  13:06  Adept x6  
  170  13:07  Adept  
  170  13:08  Adept  
  184  13:18  Oracle  
  187  13:28  High Templar x3  
  187  13:29  High Templar  
  187  13:32  Archon  
  187  13:34  Archon  
  195  13:40  Pylon  
  195  13:41  Pylon  
  191  14:05  Adept  
  191  14:06  Adept x5  
  191  14:07  Adept x2  
Show
View Real Time Build Order
Export as new Build Order

ArT Protoss 

Build Orders:  

Get SALT Encoding   

  12  0:01  Probe (Chrono Boost)  
  13  0:11  Probe (Chrono Boost)  
  14  0:17  Pylon  
  14  0:22  Probe (Chrono Boost)  
  16  0:35  Probe (Chrono Boost)  
  16  0:36  Gateway  
  16  0:44  Assimilator  
  16  0:46  Probe (Chrono Boost)  
  17  0:53  Assimilator  
  17  0:57  Probe (Chrono Boost)  
  18  1:07  Probe (Chrono Boost)  
  18  1:10  Gateway  
  19  1:18  Probe (Chrono Boost)  
  20  1:23  Cybernetics Core  
  20  1:28  Probe (Chrono Boost)  
  21  1:36  Pylon  
  21  1:39  Probe (Chrono Boost)  
  22  1:49  Probe (Chrono Boost)  
  23  2:00  Stalker x2  
  27  2:03  Warp Gate  
  27  2:07  Mothership Core (Chrono Boost)  
  29  2:19  Pylon  
  29  2:27  Probe (Chrono Boost)  
  30  2:37  Stalker x2  
  35  2:45  Probe (Chrono Boost)  
  35  3:08  Nexus  
  35  3:21  Pylon, Probe (Chrono Boost)  
  35  3:26  Sentry  
  38  3:34  Robotics Facility  
  38  3:37  Probe (Chrono Boost)  
  39  3:42  Sentry  
  39  3:47  Probe (Chrono Boost)  
  42  3:51  Twilight Council  
  42  3:58  Probe (Chrono Boost)  
  43  4:09  Probe (Chrono Boost)  
  44  4:16  Resonating Glaives  
  44  4:19  Observer  
  44  4:20  Adept x2, Probe (Chrono Boost)  
  44  4:21  Probe (Chrono Boost)  
  52  4:32  Probe (Chrono Boost)  
  52  4:34  Pylon  
  52  4:36  Probe (Chrono Boost)  
  52  4:37  Warp Prism  
  53  4:44  Probe (Chrono Boost)  
  56  4:48  Probe (Chrono Boost)  
  57  4:54  Pylon  
  57  4:56  Probe (Chrono Boost)  
  59  5:00  Probe (Chrono Boost)  
  56  5:11  Probe (Chrono Boost)  
  56  5:12  Warp Prism  
  55  5:18  Probe (Chrono Boost)  
  55  5:21  Assimilator  
  54  5:23  Sentry  
  54  5:24  Sentry  
  54  5:25  Probe (Chrono Boost)  
  59  5:31  Probe (Chrono Boost)  
  60  5:36  Forge  
  60  5:40  Probe (Chrono Boost)  
  61  5:42  Gateway  
  61  5:43  Immortal  
  61  5:45  Gateway  
  65  5:54  Adept x2  
  69  5:57  Protoss Ground Weapons Level 1  
  69  6:05  Nexus  
  69  6:09  Probe (Chrono Boost)  
  69  6:10  Probe (Chrono Boost)  
  71  6:23  Assimilator, Adept x2  
  75  6:26  Pylon  
  75  6:29  Probe (Chrono Boost)  
  75  6:30  Probe (Chrono Boost)  
  75  6:31  Observer  
  78  6:46  Probe (Chrono Boost)  
  79  6:48  Stargate  
  79  6:50  Adept x3  
  79  6:53  Pylon  
  85  7:02  Pylon  
  85  7:08  Immortal  
  85  7:11  Gateway  
  85  7:15  Probe x2 (Chrono Boost)  
  91  7:19  Probe (Chrono Boost)  
  91  7:22  Gateway  
  92  7:28  Phoenix  
  94  7:31  Probe x2 (Chrono Boost)  
  94  7:37  Probe (Chrono Boost)  
  97  7:38  Adept x3  
  97  7:40  Protoss Ground Weapons Level 2  
  97  7:43  Probe (Chrono Boost)  
  104  7:44  Photon Cannon  
  104  7:46  Probe (Chrono Boost)  
  104  7:47  Probe (Chrono Boost)  
  106  7:52  Phoenix  
  106  7:56  Probe (Chrono Boost)  
  109  8:03  Adept x3  
  107  8:07  Pylon  
  107  8:13  Adept  
  107  8:15  Pylon  
  107  8:18  Immortal  
  113  8:29  Probe (Chrono Boost), Templar Archives  
  113  8:30  Probe x2 (Chrono Boost)  
  116  8:38  Adept x3  
  116  8:39  Adept  
  124  8:44  Assimilator  
  124  8:45  Assimilator  
  123  8:50  Fleet Beacon  
  123  9:00  Gateway  
  123  9:01  Gateway  
  123  9:03  Adept x2  
  121  9:10  Adept x2  
  121  9:11  Phoenix  
  121  9:14  Probe x2 (Chrono Boost)  
  129  9:21  Immortal  
  129  9:22  Dark Shrine  
  131  9:34  High Templar  
  131  9:37  Pylon x2  
  133  9:39  Pylon  
  132  9:52  Pylon  
  132  9:53  Pylon  
  132  10:00  Protoss Ground Weapons Level 3  
  132  10:01  High Templar  
  132  10:05  Archon  
  132  10:06  Adept x2  
  144  10:21  Immortal  
  144  10:26  Photon Cannon  
  148  10:33  Charge  
  148  10:35  Nexus  
  144  10:38  Pylon  
  144  10:40  Carrier  
  150  10:57  Probe (Chrono Boost)  
  150  11:05  Zealot x4, Stargate  
  150  11:10  Immortal  
  150  11:11  Pylon  
  162  11:19  Assimilator  
  162  11:22  Assimilator  
  162  11:27  Pylon  
  162  11:29  Photon Cannon  
  162  11:40  Protoss Air Weapons Level 1  
  162  11:42  Pylon  
  162  11:43  Graviton Catapult  
  164  11:47  Pylon  
  164  11:48  Carrier, Probe x3 (Chrono Boost)  
  164  11:49  Pylon, Probe (Chrono Boost)  
  164  11:51  High Templar x2  
  164  11:58  Archon  
  170  12:04  Carrier  
  170  12:06  Probe x4 (Chrono Boost)  
  168  12:18  Probe x2 (Chrono Boost)  
  176  12:27  Immortal  
  176  12:29  Photon Cannon  
  178  12:33  Zealot x3  
  182  12:38  High Templar x2  
  182  12:39  Zealot  
  182  12:43  Archon  
  188  12:45  Zealot x2  
  178  12:58  Dark Templar x2  
  178  12:59  Dark Templar  
  181  13:11  Dark Templar  
  183  13:17  Dark Templar, Archon  
  183  13:18  Zealot x4  
  197  13:23  Archon  
  197  13:37  Gateway  
  197  13:42  Gateway  
  197  13:52  Zealot x6  
  188  13:56  Phoenix  
  182  14:04  Dark Templar  
  148  14:11  Dark Templar  

Tags
 
Add a new tag
Caveats
  • Supply blocks, unpowered buildings, or Contaminate may cause inaccurate times.
  • Supply counts are checked every 10 seconds.